[Event "85th Tata Steel Masters 2023"]
[Site "Wijk aan Zee"]
[Date "2023.01.14"]
[Round "1.1"]
[White "Carlsen, Magnus"]
[Black "Aronian, Levon"]
[Result "1/2-1/2"]
[ECO "E05"]
[WhiteElo "2859"]
[BlackElo "2735"]
[Annotator "TA"]
[PlyCount "81"]
[EventDate "2023.01.10"]
[EventType "tourn"]
[EventCountry "NED"]
[SourceTitle "playchess.com"]
[Source "ChessBase"]
[SourceQuality "1"]
[TimeControl "40/6000+30:30/3000+30:900+30"]

1. d4 Nf6 2. c4 e6 3. Nf3 d5 4. g3 Be7 5. Bg2 O-O 6. O-O dxc4 7. Qc2 a6 8. a4 Bd7 9. Qxc4 Bc6 10. Bg5 Bd5 11. Qc2 Be4 12. Qc1 h6 13. Bxf6 {[%emt 0:00:17] E05: Open Catalan: 5 Nf3 Be7.} Bxf6 14. Rd1 a5 15. Nbd2 Bh7 16. Nb3 Nd7 {[%emt 0:08:55] [#]} 17. Ne5 $1 c6 18. Qc3 {[%emt 0:03:00][%cal Ob3a5] [#]} Ra7 $146 {[%emt 0:00:32] [#]} ({Predecessor:} 18... Nb6 19. Nxa5 Nd5 20. Bxd5 Qxa5 21. Bb3 Rfd8 22. Qxa5 Rxa5 23. e3 Be4 24. Nc4 Ra6 {1-0 Giri,A (2780)-Cuenca Jimenez,J (2524) MrDodgy Online Inv 2nd blitz 2021 (1.5)}) 19. Nxa5 $1 {[%emt 0:10:46][%mdl 64] Deflection} Bxe5 20. dxe5 {[%emt 0:00:08] Nc4 would be deadly.} Rxa5 {[%emt 0:00:17] [#]} 21. Rxd7 $1 {[%emt 0:00:03][%mdl 64] Double Attack} Rxa4 (21... Qxd7 22. Qxa5) 22. Rxa4 Qxd7 23. Rd4 {[%emt 0:00:06] Against Qd1+} Qc7 24. Rd6 {[%emt 0:02:04] White is more active.} Ra8 25. Bf3 Bg6 26. h4 h5 27. Kg2 Qb6 28. Rd7 Kh7 29. Qd2 Ra5 (29... Ra1 {looks sharper.} 30. Re7 Qb5 31. Qd8 Qxe5 32. Rxb7 Rb1) 30. b4 (30. Qd6 {keeps more tension.} Qxb2 31. Qf8 Qa3 32. Qb8) 30... Rxe5 31. Qd6 {[%emt 0:00:09] The position is equal.} Qb5 (31... Rb5 $2 32. Rd8 $18) 32. Qf8 {[%emt 0:08:43] Threatens to win with Rd8.} Rxe2 $1 {[%emt 0:00:27] And now ...Re1 would win.} 33. Rd8 (33. Bxe2 Qxe2 34. Rxf7 (34. Rxb7 $2 Be4+ 35. Kh3 Qf1+ 36. Kh2 Qh1#) 34... Bxf7 35. Qxf7 b6 $15) 33... Be4 $1 (33... Kh6 $2 34. Qh8+ (34. Bxe2 Qxe2 35. Qc5 Be4+ 36. Kh2 Bd5 $11) 34... Bh7 35. Rg8 $18 (35. Bxe2 Qxe2 36. Rg8 Qe4+ 37. Kh2 Qd4 $11) (35. Bxe2 Qxe2 36. Rg8 Qe4+ 37. Kh2 Qd4 $11)) 34. Bxe4+ Rxe4 35. Qxf7 $11 {[%emt 0:00:07][%mdl 4096] Endgame Black must now prevent Rg8. KQR-KQR} Re1 36. Qg8+ (36. Kh2 $5 Qf5 37. Qg8+ Kh6 38. Qh8+ Qh7 39. Qf8 $11) 36... Kg6 37. Qe8+ (37. Rd7 $2 {is a self mate.} Qf1+ 38. Kf3 Qh1+ 39. Kf4 e5#) 37... Kh7 38. Qh8+ Kg6 39. Qe8+ Kh7 40. Qh8+ Kg6 {[%emt 0:00:05] ( -> ...Qf1+)} 41. Qe8+ {[%emt 0:50:09] An interesting game.   Weighted Error Value: White=0.03 (flawless) /Black=0.03 (flawless)} 1/2-1/2

[Event "85th Tata Steel Masters 2023"]
[Site "Wijk aan Zee"]
[Date "2023.01.14"]
[Round "1.2"]
[White "Caruana, Fabiano"]
[Black "Giri, Anish"]
[Result "1/2-1/2"]
[ECO "A17"]
[WhiteElo "2766"]
[BlackElo "2764"]
[Annotator "TA"]
[PlyCount "61"]
[EventDate "2023.01.10"]
[EventType "tourn"]
[EventCountry "NED"]
[SourceTitle "playchess.com"]
[Source "ChessBase"]
[SourceQuality "1"]
[TimeControl "40/6000+30:30/3000+30:900+30"]

1. Nf3 d5 2. e3 Nf6 3. c4 e6 4. Nc3 dxc4 5. Bxc4 a6 6. O-O {[%emt 0:04:43] A17: English Opening: 1...Nf6 with ...Bb4.} b5 7. Be2 Bb7 {[%emt 0:01:07] Wards off e4} 8. a4 b4 9. Nb1 c5 10. d3 Be7 11. Nbd2 O-O 12. Nc4 Nc6 {[%emt 0:01:07] [#]} 13. Qc2 $146 ({Predecessor:} 13. e4 Nd7 14. Be3 Nb6 15. Nxb6 Qxb6 16. Rc1 Rac8 17. Nd2 Rfd8 18. Nb3 Na5 19. Nxa5 Qxa5 {1-0 Medvegy,Z (2524)-Keymer,V (2558) Chartres Blitz 2020 (4)}) 13... a5 14. e4 Qc7 15. h3 Nd7 16. Be3 Ba6 (16... f5 {looks sharper.} 17. b3 Bf6 18. Ra2 Nd4) 17. Ncd2 Rac8 18. Rac1 Qb6 19. Nb3 {[%emt 0:16:29] [#]} Nd4 $1 20. Bxd4 cxd4 21. Qb1 Nc5 22. Nfxd4 (22. Nxc5 $1 $15 Rxc5 23. Rxc5 Bxc5 24. b3) 22... Nxa4 $17 23. Qa2 {[%emt 0:00:39] [#]} Nxb2 24. Qxb2 {[%emt 0:03:40] Threatens to win with Ra1.} (24. Qxa5 Qxa5) 24... Bf6 ({Better is} 24... a4 $17 25. Nd2 Rxc1 26. Rxc1 Bc5) 25. Rxc8 $11 {[%emt 0:14:05] The position is equal.} Rxc8 26. Qa2 {[%emt 0:00:04] And now Nf3 would win.} Bxd4 27. Nxd4 Qxd4 28. Qxa5 Rc6 {[%emt 0:02:58] White must now prevent ...b3.} (28... Bxd3 29. Rd1 g6 30. Bxd3 $16) 29. Qa4 {[%emt 0:01:19] Inhibits b3.} (29. Rb1 Rb6 $15) 29... Qc3 30. Rb1 h6 31. Qxb4 {[%emt 0:00:47] Weighted Error Value: White=0.08 (flawless) /Black=0.07 (flawless)} ({Don't play} 31. Rxb4 Qc1+ 32. Bd1 Kh7 $15) 1/2-1/2

[Event "85th Tata Steel Masters 2023"]
[Site "Wijk aan Zee"]
[Date "2023.01.14"]
[Round "1.4"]
[White "Van Foreest, Jorden"]
[Black "So, Wesley"]
[Result "1/2-1/2"]
[ECO "E06"]
[WhiteElo "2681"]
[BlackElo "2760"]
[Annotator "TA"]
[PlyCount "98"]
[EventDate "2023.01.10"]
[EventType "tourn"]
[EventCountry "NED"]
[SourceTitle "playchess.com"]
[Source "ChessBase"]
[SourceQuality "1"]
[TimeControl "40/6000+30:30/3000+30:900+30"]

1. d4 Nf6 2. c4 e6 3. Nf3 d5 4. g3 Be7 5. Bg2 O-O 6. Nc3 dxc4 7. Ne5 c5 8. dxc5 Qxd1+ 9. Nxd1 Bxc5 10. Nxc4 Nd5 {[%emt 0:09:06] E06: Closed Catalan: Early deviations.} 11. Bd2 Nc6 12. Rc1 b6 {[%emt 0:02:14] The position is equal.} 13. Nc3 Rd8 14. Ne3 {[%emt 0:10:18][%cal Re3d5] [#]} Bxe3 $146 ({Predecessor:} 14... Nde7 15. Na4 Bxe3 16. Bxe3 Ba6 17. f4 Rac8 18. Kf2 Nb4 {½-½ Bartel,M (2639)-Stefansson,H (2529) Prague Challengers 2nd 2020 (6)}) 15. Bxe3 Nce7 16. Bd2 Bb7 17. Nb1 f5 18. O-O Rd7 19. Rfd1 Rad8 20. Be1 {[%emt 0:05:32] [#]} Nf4 $1 {[%emt 0:11:05][%mdl 64] Discovered Attack, Double Attack} 21. Rxd7 Nxe2+ {[%emt 0:00:45] Excellent horsemanship.} 22. Kf1 Rxd7 23. Kxe2 {[%emt 0:00:10] aiming for Bxb7.} Bxg2 24. f3 $1 {[%emt 0:00:37] Wards off Be4} e5 25. Nd2 e4 26. fxe4 fxe4 27. Kf2 Bh1 28. Ke2 (28. Nc4 $11) 28... Nd5 29. Rc8+ Kf7 30. Nc4 {[%emt 0:00:29] [#] And now Ne5+ would win.} Ke6 {[%emt 0:09:07] Repels Ne5} 31. Re8+ Re7 32. Rxe7+ Nxe7 $15 {[%emt 0:00:34][%mdl 4096] Endgame KBN-KBN} 33. Bc3 g6 34. Ne3 Nc6 35. Kd2 g5 36. Ng4 h5 37. Nf6 Bf3 38. Ke3 Kf5 39. Nd5 Kg4 (39... Ne5 $5 40. Kd4 Bh1 $15) 40. Bf6 Kh3 41. Bxg5 Ne5 42. Nf6 Nc4+ 43. Kd4 Nxb2 44. Nxe4 Kxh2 45. Bf4 Kh3 46. Nc3 Kg4 {[%emt 0:03:09] Threatens to win with ...h4. Black is slightly better.} 47. Bd6 a6 48. Ba3 Nd1 49. Nxd1 Bxd1 {[%emt 0:00:04] Weighted Error Value: White=0.07 (flawless) /Black=0.05 (flawless)} 1/2-1/2

[Event "85th Tata Steel Masters 2023"]
[Site "Wijk aan Zee"]
[Date "2023.01.14"]
[Round "1.5"]
[White "Rapport, Richard"]
[Black "Abdusattorov, Nodirbek"]
[Result "0-1"]
[ECO "C29"]
[WhiteElo "2740"]
[BlackElo "2713"]
[Annotator "TA"]
[PlyCount "94"]
[EventDate "2023.01.10"]
[EventType "tourn"]
[EventCountry "NED"]
[SourceTitle "playchess.com"]
[Source "ChessBase"]
[SourceQuality "1"]
[TimeControl "40/6000+30:30/3000+30:900+30"]

1. e4 e5 2. Nc3 Nf6 3. f4 d5 4. fxe5 Nxe4 5. Qf3 f5 6. d3 Nxc3 7. bxc3 d4 $1 8. Be2 {[%emt 0:13:57] C29: Vienna Game: 2...Nf6 3 f4.} Nc6 9. Qg3 $1 {[%emt 0:01:06] Strongly threatening Bh5+.} Be6 (9... dxc3 10. Bh5+ Kd7 11. Bf7 $16) 10. c4 {[%emt 0:02:07] Black has an edge. outshines the older 10.Bf3.} Bb4+ 11. Kd1 Qd7 12. Rb1 O-O-O 13. Bf3 {[%emt 0:03:01] [#] aiming for Bxc6.} Be7 $146 ({Predecessor:} 13... Ba5 14. Ne2 h6 15. h4 g5 16. Rb5 Bb6 17. a4 a6 18. Rxb6 cxb6 19. hxg5 hxg5 20. Rxh8 Rxh8 21. Bxg5 Rh1+ 22. Kd2 Na5 23. Qf4 Qxa4 24. Qxd4 Qa1 25. Qd8# {1-0 Seul,G (2372)-Pasti,A (2296) Titled Tuesday intern op 18th May blitz 2021 (10)}) 14. Nh3 (14. Qxg7 Rdg8 15. Qh6 b6 $14) 14... b6 15. Nf4 g5 16. Nxe6 Qxe6 17. Rb5 (17. Bxg5 $2 Rhg8 18. h4 (18. Bd5 $2 Rxd5 19. cxd5 Qxd5 $19) 18... h6 $19) 17... Nb8 18. Rd5 (18. Bxg5 Rhg8 19. Bd5 Rxd5 20. cxd5 Qd7 $17) 18... c6 19. Rxd8+ Rxd8 20. h3 Nd7 21. Qh2 {[%emt 0:08:16] White is weak on the dark squares} h6 {[%emt 0:05:48] Black is more active.} (21... Qxe5 22. Bxc6 Qxh2 23. Rxh2 $11) (21... Nxe5 $6 22. Re1 Bd6 23. Bxg5 $11) 22. g4 Nxe5 ({Much weaker is} 22... Qxe5 23. Bxc6 Qxh2 24. Rxh2 $11) 23. gxf5 Nxf3 24. fxe6 Nxh2 25. Rxh2 $17 {[%emt 0:00:04][%mdl 4096] Endgame KRB-KRB} Rf8 {[%emt 0:00:10] Threatens to win with ...Rf1+.} 26. Bb2 Rf4 27. c3 dxc3 28. Bxc3 Kd8 29. Be5 {[%emt 0:01:26] Against Bd6} Rf1+ 30. Kc2 Bf6 $1 31. Re2 Ke7 32. d4 Kxe6 33. Bxf6+ Kxf6 {[%emt 0:00:02] KR-KR} 34. d5 {[%emt 0:00:05] d6 is the strong threat.} cxd5 35. cxd5 Ra1 36. Re6+ Kf5 37. Rxh6 Rxa2+ 38. Kb3 Ra1 39. Kc4 Rc1+ 40. Kd4 Rd1+ 41. Kc4 {[%emt 0:50:12] [#]} b5+ $1 42. Kc5 {[%emt 0:00:00] [#]} b4 $1 {[%emt 0:00:00][%mdl 512] ( -> ...b3)} 43. Rh8 {[%emt 0:00:00] [#]} b3 (43... a5 $1 $19 44. Rf8+ Ke5 45. Re8+ Kf4) 44. Rf8+ $2 {[%emt 0:00:00][%mdl 8192] [#] Loses the game.} (44. Rb8 $17) 44... Ke4 $1 $19 45. Re8+ Kd3 {[%emt 0:00:00] Black mates.} 46. d6 b2 (46... Rc1+ 47. Kd5 $17) 47. d7 Kc2 {[%emt 0:00:00] Weighted Error Value: White=0.35/Black=0.03 (flawless)} ({Don't do} 47... b1=R 48. d8=Q+ (48. d8=R+ Kc3 $11) 48... Kc3 49. Re3+ Kc2 50. Re2+ Kc3 51. Qa5+ Kd3 52. Qa6+) 0-1

[Event "85th Tata Steel Masters 2023"]
[Site "Wijk aan Zee"]
[Date "2023.01.14"]
[Round "1.6"]
[White "Praggnanandhaa R"]
[Black "Erigaisi Arjun"]
[Result "1/2-1/2"]
[ECO "D87"]
[WhiteElo "2684"]
[BlackElo "2722"]
[Annotator "TA"]
[PlyCount "80"]
[EventDate "2023.01.10"]
[EventType "tourn"]
[EventCountry "NED"]
[SourceTitle "playchess.com"]
[Source "ChessBase"]
[SourceQuality "1"]
[TimeControl "40/6000+30:30/3000+30:900+30"]

1. d4 Nf6 2. c4 g6 3. Nc3 d5 4. cxd5 Nxd5 5. e4 Nxc3 6. bxc3 Bg7 7. Bc4 c5 8. Ne2 O-O 9. O-O Nc6 10. Be3 b6 {[%emt 0:00:06] 10...Bg4 is a critical line.} 11. Qd2 {[%emt 0:01:36] D87: Exchange Grünfeld: Classical Line: Variations without ...cxd4.} Bb7 {[%emt 0:00:43] The position is equal.} 12. Rac1 e6 13. f3 ({Much weaker is} 13. dxc5 Qxd2 14. Bxd2 Ne5 $17) 13... Rc8 14. h4 Na5 (14... Qxh4 $2 15. Bg5 Qh5 16. Ng3 $18) 15. Bd3 cxd4 (15... Qxh4 $2 16. Bg5 $18) 16. cxd4 Qxh4 17. Bg5 {[%emt 0:05:43] Inhibits Qe7.} Qh5 18. e5 f6 19. exf6 Bxf6 20. Bxf6 Rxf6 21. Rxc8+ Bxc8 22. Rc1 Bb7 {[%emt 0:02:29] [#]} 23. Be4 $146 ({Predecessor:} 23. Qe3 Qd5 24. Nc3 Qd6 25. Nb5 Qf4 26. Re1 Qg3 27. Rf1 Qf4 28. Re1 Qg3 29. Rf1 Qf4 30. Re1 Qg3 {½-½ Georgiev,K (2644)-Xu,X (2532) TUR-chT 1st League 2017 (2.5)}) 23... Rf7 {[%emt 0:35:19] Prevents Rc7.} 24. Bxb7 Nxb7 25. Qe3 Qf5 26. Rc6 Nd8 27. Rd6 Qf6 {[%emt 0:01:55] ...Rc7 would be deadly.} 28. Ng3 Qe7 29. Ne4 Rf5 (29... Nb7 $5 30. Rc6 $8 Nd8 $11) 30. Qb3 {[%emt 0:02:12] Repels Rd5} Kg7 31. Qc4 h5 32. Kf1 h4 33. Qc8 Rd5 34. Rxd5 exd5 $11 {[%emt 0:00:06][%mdl 4096] Endgame KQN-KQN} 35. Nc3 Qg5 {[%emt 0:01:52] White must now prevent ...Qc1+.} 36. Ne2 {[%emt 0:01:50] Against Qc1+} Nf7 37. Qb7 {[%emt 0:03:25] Dodges Qe7} Qf5 {[%emt 0:02:54] [#] ...Qb1+ is the strong threat.} 38. Qxa7 h3 39. gxh3 Qxh3+ 40. Kf2 Qh4+ {[%emt 0:01:01] An even fight not without its subleties.   Weighted Error Value: White=0.01 (flawless) /Black=0.01 (flawless)} 1/2-1/2

[Event "85th Tata Steel Masters 2023"]
[Site "Wijk aan Zee"]
[Date "2023.01.14"]
[Round "1.7"]
[White "Maghsoodloo, Parham"]
[Black "Keymer, Vincent"]
[Result "1/2-1/2"]
[ECO "A13"]
[WhiteElo "2719"]
[BlackElo "2696"]
[Annotator "TA"]
[PlyCount "65"]
[EventDate "2023.01.10"]
[EventType "tourn"]
[EventCountry "NED"]
[SourceTitle "playchess.com"]
[Source "ChessBase"]
[SourceQuality "1"]
[TimeControl "40/6000+30:30/3000+30:900+30"]

1. Nf3 d5 2. g3 Nf6 3. Bg2 c5 4. c4 d4 5. e3 Nc6 6. exd4 cxd4 7. d3 e6 8. O-O h6 {[%emt 0:00:06] A13: English Opening: 1...e6.} 9. Re1 Bd6 10. Na3 O-O {[%emt 0:00:22] Black has an edge.} 11. Nc2 a5 12. a3 (12. Nfxd4 $5 Nxd4 13. Nxd4 $11) 12... e5 13. Rb1 a4 14. Nb4 Re8 15. c5 Bc7 $15 ({But not} 15... Bxc5 16. Nxc6 bxc6 17. Nxe5 $16 (17. Rxe5 Bb6 $11)) 16. Nd2 Bg4 {[%emt 0:08:13] [#]} 17. Bf3 $146 ({Predecessor:} 17. Qc2 Qd7 18. Nc4 Bh3 19. Bh1 Qf5 20. Nxc6 bxc6 21. Bxc6 e4 22. Bf4 Bxf4 23. dxe4 Qxc5 24. Bxa8 Rxa8 25. gxf4 {½-½ Savchenko,B (2550)-Iljiushenok,I (2567) RUS-ch Blitz 2022 (10)}) 17... Bxf3 18. Qxf3 Ra5 19. Nxc6 bxc6 20. Qxc6 Re6 {[%emt 0:00:23][%mdl 64] [#] Deflection} 21. Qf3 Rxc5 22. b4 axb3 23. Nxb3 Rc3 {[%emt 0:06:20][%cal Oe5e4] ...e4! is the strong threat.} 24. Bd2 {[%emt 0:00:10] [#]} e4 $1 25. Qd1 exd3 (25... Rcc6 $17 {Strongly threatening ...e3.} 26. dxe4 Nxe4) 26. Rxe6 $11 {[%emt 0:01:33] The position is equal.} fxe6 27. Nxd4 $1 Qxd4 28. Bxc3 Qxc3 29. Rb3 $1 Qc6 30. Qxd3 Ne4 31. Qe2 Bd6 32. Re3 Nxf2 33. Kxf2 {[%emt 0:00:28] Weighted Error Value: White=0.05 (flawless) /Black=0.07 (flawless)} 1/2-1/2

[Event "85th Tata Steel Masters 2023"]
[Site "Wijk aan Zee"]
[Date "2023.01.16"]
[Round "3.1"]
[White "Carlsen, Magnus"]
[Black "Ding, Liren"]
[Result "1/2-1/2"]
[ECO "D02"]
[WhiteElo "2859"]
[BlackElo "2811"]
[Annotator "TA"]
[PlyCount "73"]
[EventDate "2023.01.10"]
[EventType "tourn"]
[EventCountry "NED"]
[SourceTitle "playchess.com"]
[Source "ChessBase"]
[SourceQuality "1"]
[TimeControl "40/6000+30:30/3000+30:900+30"]

1. d4 Nf6 2. Nf3 d5 3. Bf4 c5 4. e3 e6 5. c3 Bd6 {[%emt 0:02:54] The position is equal.} 6. Bb5+ {[%emt 0:00:14] D02: 1 d4 d5 2 Nf3 sidelines, including 2...Nf6 3 g3 and 2...Nf6 3 Bf4.} (6. Nbd2 cxd4 7. Bxd6 dxe3 8. Ba3 exd2+ 9. Qxd2 Nc6 10. Qg5 Rg8 11. Bd3 h6 12. Qe3 Qb6 13. Qe2 Bd7 14. O-O O-O-O 15. b4 Kb8 16. b5 Na5 17. Ne5 Be8 18. Bb4 {1-0 Carlsen,M (2863)-Ding,L (2791) Carlsen Tour Final rapid 2020 (1.12)}) 6... Nc6 7. Bxc6+ bxc6 8. Bxd6 Qxd6 9. Qa4 O-O 10. O-O cxd4 11. cxd4 c5 {[%emt 0:00:04] [#]} 12. Rc1 $146 ({Predecessor:} 12. Qa3 Ne4 13. Rc1 cxd4 14. Qxd6 Nxd6 15. Nxd4 Bd7 16. Nd2 Rfc8 17. f4 Kf8 18. Kf2 {½-½ Kamsky,G (2674)-Oleksienko,M (2585) Titled Tuesday intern op 14th April blitz 2020 (4)}) 12... c4 13. b3 Bd7 14. Qa5 cxb3 $1 15. axb3 Rfb8 16. Nbd2 Rb5 17. Qc7 Ne8 18. Qxd6 Nxd6 19. Ne5 Be8 20. Nd3 a5 21. f3 Rb7 22. Ra2 Rba7 23. Kf2 a4 24. Rca1 Nc8 25. h4 Kf8 26. g4 axb3 27. Rxa7 Rxa7 28. Rxa7 Nxa7 29. Nxb3 $11 {[%emt 0:00:07][%mdl 4096] Endgame KBN-KNN} Nb5 30. Nbc5 Ke7 31. Nf4 h6 32. g5 hxg5 33. hxg5 Nc7 34. Nh5 Kf8 35. Nf4 Ke7 36. Nh5 Kf8 37. Nf4 {[%emt 0:00:40] An even fight not without its subleties.   Weighted Error Value: White=0.02 (flawless) /Black=0.01 (flawless)} 1/2-1/2

[Event "85th Tata Steel Masters 2023"]
[Site "Wijk aan Zee"]
[Date "2023.01.16"]
[Round "3.2"]
[White "Gukesh D"]
[Black "Abdusattorov, Nodirbek"]
[Result "1/2-1/2"]
[ECO "E11"]
[WhiteElo "2725"]
[BlackElo "2713"]
[Annotator "TA"]
[PlyCount "87"]
[EventDate "2023.01.10"]
[EventType "tourn"]
[EventCountry "NED"]
[SourceTitle "playchess.com"]
[Source "ChessBase"]
[SourceQuality "1"]
[TimeControl "40/6000+30:30/3000+30:900+30"]

1. d4 Nf6 2. c4 e6 3. Nf3 Bb4+ 4. Bd2 Bxd2+ 5. Qxd2 d5 6. g3 O-O 7. Bg2 c6 8. O-O Nbd7 9. Rc1 Qe7 10. Qe3 {[%emt 0:01:04] 10.Qe3 was played by the boomers. E11: Bogo-Indian.} b6 {[%emt 0:20:48] [#]} 11. Ne5 $146 ({Predecessor:} 11. Nbd2 Bb7 12. cxd5 cxd5 13. Rc7 Ba6 14. Ne5 Rfc8 15. Rac1 Rxc7 16. Rxc7 Qd8 17. Rc1 Rc8 18. Nc6 Qf8 19. Nf3 Nb8 20. Nxb8 Rxc1+ 21. Qxc1 Qxb8 {½-½ Nguyen,A (2444)-Maghsoodloo,P (2590) Abu Dhabi op 24th 2017 (2)}) 11... Bb7 12. cxd5 {[%emt 0:01:49] White has an edge.} Nxd5 13. Qa3 {[%emt 0:01:22] [#] aiming for Qxe7.} Nxe5 14. Qxe7 Nxe7 15. dxe5 Rad8 16. Nc3 Ba6 17. Kf1 Rd2 {[%emt 0:03:00] The position is equal.} 18. b3 Rfd8 19. Ke1 g5 20. Be4 Kg7 21. Rd1 Rxd1+ 22. Rxd1 Rxd1+ 23. Nxd1 Ng6 24. Bxg6 Kxg6 $11 {[%emt 0:00:05][%mdl 4096] Endgame KB-KN} 25. Ne3 c5 26. Kd2 h5 27. f3 Bb5 28. h3 Ba6 29. g4 h4 30. Nc4 Bxc4 31. bxc4 {[%emt 0:00:05] KP-KP} Kg7 32. a4 Kf8 33. a5 Ke7 (33... bxa5 $2 34. Kc3 $16) 34. axb6 axb6 {[%emt 0:00:07] [#] ...Kd7 would be deadly.} 35. Kc3 Kd7 {[%emt 0:01:26] And now ...Kc6 would win.} 36. Kb3 $1 Kc7 37. Ka4 Kc6 38. e3 $1 Kc7 39. Kb5 Kb7 40. f4 Kc7 $1 41. Ka6 (41. fxg5 $5 Kb7 $8 42. e4 $11) 41... Kc6 $1 42. fxg5 Kc7 43. Ka7 (43. Kb5 $5) 43... Kc6 {[%emt 0:00:06] ( -> ...b5)} 44. Ka6 {[%emt 0:00:12] An interesting draw.   Weighted Error Value: White=0.01 (flawless) /Black=0.00 (flawless)} 1/2-1/2

[Event "85th Tata Steel Masters 2023"]
[Site "Wijk aan Zee"]
[Date "2023.01.16"]
[Round "3.3"]
[White "Maghsoodloo, Parham"]
[Black "Giri, Anish"]
[Result "1/2-1/2"]
[ECO "C54"]
[WhiteElo "2719"]
[BlackElo "2764"]
[Annotator "TA"]
[PlyCount "60"]
[EventDate "2023.01.10"]
[EventType "tourn"]
[EventCountry "NED"]
[SourceTitle "playchess.com"]
[Source "ChessBase"]
[SourceQuality "1"]
[TimeControl "40/6000+30:30/3000+30:900+30"]

1. e4 e5 2. Nf3 Nc6 3. Bc4 Nf6 4. d3 Bc5 5. O-O d6 6. c3 {[%emt 0:01:10] The position is equal.} a5 {[%emt 0:00:24] C54: Giuoco Piano: 4 c3 Nf6, main lines with 5 d4 and 5 d3.} 7. Re1 O-O 8. h3 Be6 9. Bb5 Ba7 10. d4 {[%emt 0:07:42] d5 would be deadly.} Bd7 11. Bg5 h6 {[%emt 0:03:50] [#]} 12. Bh4 $146 ({Predecessor:} 12. Bxf6 Qxf6 13. dxe5 Qg6 14. Bxc6 Bxh3 15. Nh4 Qg3 16. Qf3 Qxh4 17. gxh3 bxc6 18. exd6 cxd6 {½-½ Acs,P (2565)-Kantor,G (2527) HUN-ch Rapid 2021 (13)}) 12... g5 13. Bg3 Re8 14. dxe5 Nxe5 15. Bxd7 Nxf3+ 16. Qxf3 Nxd7 17. Na3 Qf6 18. Qxf6 Nxf6 19. Nb5 Bb6 20. e5 Nh5 21. Bh2 d5 22. Rad1 Rad8 23. Kf1 Ng7 24. f4 gxf4 25. Bxf4 Kh7 26. Be3 Bxe3 27. Rxe3 Nf5 (27... c6 $5 28. Nd4 c5 $11) 28. Ree1 (28. Rf3 $5 Rxe5 29. Re1 $11) 28... c6 29. Nd4 Ng3+ 30. Kg1 Ne4 {[%emt 0:00:15] An uneventful encounter.   Weighted Error Value: White=0.04 (flawless) /Black=0.03 (flawless)} 1/2-1/2

[Event "85th Tata Steel Masters 2023"]
[Site "Wijk aan Zee"]
[Date "2023.01.16"]
[Round "3.4"]
[White "Caruana, Fabiano"]
[Black "Van Foreest, Jorden"]
[Result "1-0"]
[ECO "C42"]
[WhiteElo "2766"]
[BlackElo "2681"]
[Annotator "TA"]
[PlyCount "91"]
[EventDate "2023.01.10"]
[EventType "tourn"]
[EventCountry "NED"]
[SourceTitle "playchess.com"]
[Source "ChessBase"]
[SourceQuality "1"]
[TimeControl "40/6000+30:30/3000+30:900+30"]

1. e4 e5 2. Nf3 Nf6 3. Nxe5 d6 4. Nf3 Nxe4 5. d4 d5 6. Bd3 Be6 {[%emt 0:00:43] C42: Petroff Defence: 3 Nxe5 and unusual White 3rd moves.} 7. O-O f5 8. Qe2 {[%emt 0:17:50][%cal Of3g5] Ng5! would be deadly.} Be7 {[%emt 0:00:48] [#] Prevents Ng5. White is slightly better.} 9. Ne5 $146 ({Predecessor:} 9. c4 c6 10. Nc3 O-O 11. Re1 Nd7 12. Qc2 Bf7 13. cxd5 cxd5 14. Qb3 Bd6 15. Qxb7 {½-½ Klauner,T (2449)-Niewiadomski,W (2450) ICCF izt 04/bd06 email 2006 [6]}) 9... Nd7 10. Nxd7 Qxd7 (10... Kxd7 11. c4 $16) 11. f3 O-O 12. Bf4 Bf6 13. c3 g5 14. Be5 Nd6 15. f4 g4 16. Na3 {[%emt 0:03:38] Strongly threatening Bxd6.} Rae8 17. Nc2 Bd8 (17... h5 $14) 18. Rad1 (18. Ne3 $16) 18... c6 {[%emt 0:00:53] [#]} (18... h5 $14) 19. Ne3 (19. h3 $1 $16) 19... b5 {[%emt 0:00:28] [#]} ({Black should play} 19... Re7 $14) 20. a4 $1 {[%emt 0:01:57] White is more active.} bxa4 21. Qc2 h5 22. Kh1 a3 23. bxa3 Nc4 24. Bxc4 dxc4 25. Kg1 h4 {[%emt 0:01:54] [#] This move loses the game for Black.} (25... Bd5 $14) 26. Nxg4 $1 $18 Bd5 27. Ne3 Be4 28. Qe2 $40 {[%emt 0:05:41][%mdl 128] White goes for the king.} Bd3 29. Rxd3 cxd3 30. Qxd3 Re6 31. Rb1 (31. Nxf5 $2 Qh7 $19) 31... Rg6 (31... Ree8 $16 32. Qc4+ Qe6 33. Qxe6+ Rxe6) 32. Rb8 Qf7 33. c4 c5 34. dxc5 Be7 {[%emt 0:00:38] Hoping for ...Rxb8.} 35. Rb7 {[%emt 0:00:44] aiming for Rc7.} (35. Nxf5 Bxc5+ 36. Kf1 Rxb8 37. Bxb8 h3 $11) (35. Qxf5 Qxf5 36. Nxf5 Bxc5+ 37. Kf1 Rxb8 38. Bxb8 Ra6 $15) 35... Qe6 36. Rc7 {[%emt 0:03:13] Threatens to win with Qd5.} (36. Rxa7 Bxc5 37. Rc7 Bb6 $17) 36... Rc8 $2 (36... Rf7 37. c6 (37. Rxa7 Bxc5 38. Rxf7 Kxf7 $11) 37... h3) 37. Rxc8+ {[%emt 0:01:28] White is clearly winning.} (37. Rxa7 Bxc5 38. Ra5 Bxe3+ 39. Qxe3 Qxc4 $19) (37. Nxf5 $2 Rxc7 38. Kf1 Rb7 $19) (37. Rxe7 Qxe7 38. Qxf5 Qe6 $16) 37... Qxc8 38. Qd5+ ({Worse is} 38. Qxf5 Qxf5 39. Nxf5 Bxc5+ 40. Kf1 Ra6 $11) 38... Kf8 39. Bd6 Qe6 40. Qxe6 ({Not} 40. Qxf5+ Kg8 41. Qd3 Bxd6 $18) 40... Rxe6 41. Nxf5 Bxd6 42. cxd6 {[%emt 0:00:00] KR-KN} Re1+ 43. Kf2 Rc1 44. Ke3 Ke8 45. Kd4 Rc2 46. c5 {[%emt 0:00:00] Artfully played by Caruana.   Weighted Error Value: White=0.08 (flawless) /Black=0.38} 1-0